 Dungeon Crawl Stone Soup version 0.27-a0-808-g60bc5d92e6 (webtiles) character file.

Game seed: 4733369771236921509

1014 funkygono the Magician (level 8, -1/51 HPs)
             Began as a Djinni Fire Elementalist on Mar 28, 2021.
             Was an Initiate of Cheibriados.
             Slain by Crazy Yiuf
             ... wielding a +4 quarterstaff of chaos
              (3 damage)
             ... on level 4 of the Dungeon.
             The game lasted 00:08:39 (5246 turns).

funkygono the Magician (Djinni Fire Elementalist)   Turns: 5246, Time: 00:08:40

Health: -1/51      AC: 11    Str:  8    XL:     8   Next: 21%
Gold:   112        EV:  8    Int: 20    God:    Cheibriados [......] SH:  0 Dex: 15

rFire    + + .     SeeInvis .   j - +2 dagger (speed)
rCold    . . .     Faith    .   (no shield)
rNeg     + . .     Spirit   .   d - +2 scale mail {rC+}
rPois    ∞         Reflect  .   k - +0 helmet
rElec    .         Harm     .   (no cloak)
rCorr    .         Rampage  .   i - +1 pair of gloves
Will     .....                  (boots unavailable)
Stlth    +.........             (no amulet)
HPRegen  0.17/turn              e - ring of positive energy
MPRegen  0.00/turn              (no ring)

@: mighty, flying, very slow
A: fire resistance 2, cold vulnerability 1, float, innate caster, hp casting,
extra vitality 1
a: Renounce Religion, Bend Time


You were on level 4 of the Dungeon.
You worshipped Cheibriados.
Cheibriados was noncommittal.
You visited 2 branches of the dungeon, and saw 5 of its levels.

You collected 112 gold pieces.

Inventory:

Hand Weapons
 j - a +2 dagger of speed (weapon)
 p - a +0 whip of flaming
Missiles
 b - 194 stones
Armour
 a - a +0 robe
 d - a +2 scale mail of cold resistance (worn)
 i - a +1 pair of gloves (worn)
 k - a +0 helmet (worn)
 l - a +1 hat
Jewellery
 e - a ring of positive energy (left hand)
Wands
 g - a wand of flame (11)
 q - a wand of iceblast (7)
 t - a wand of polymorph (6)
Scrolls
 h - a scroll of identify
 m - a scroll of vulnerability {unknown}
 o - 3 scrolls of teleportation {unknown}
 s - a scroll of fear
Potions
 c - 2 potions of brilliance
 f - a potion of flight {unknown}
 n - 2 potions of heal wounds {unknown}
 r - a potion of curing {unknown}
 u - a potion of lignification {unknown}


   Skills:
 + Level 0.7 Fighting
 + Level 0.6 Armour
 + Level 3.4 Dodging
 - Level 1.5 Stealth
 * Level 7.9 Spellcasting


You couldn't memorise any spells.
You knew the following spells:

 Your Spells              Type           Power      Damage    Failure   Level
a - Foxfire               Conj/Fire      100%       2x1d9     3%          1
b - Conjure Flame         Conj/Fire      39%        6-21      10%         3
c - Inner Flame           Hex/Fire       39%        N/A       10%         3
d - Sticky Flame          Conj/Fire      39%        2d6       32%         4
e - Fireball              Conj/Fire      19%        3d9       67%         5
f - Corona                Hex            43%        N/A       3%          1
g - Passwall              Tmut/Erth      32%        N/A       4%          2
h - Frozen Ramparts       Ice            78%        1d9       10%         3
Your spell library was empty.

Dungeon Overview and Level Annotations

Branches:
Dungeon (4/15)             Temple (1/1) D:4

Altars:
Cheibriados
Elyvilon
Gozag
Okawaru
Qazlal
Sif Muna
Trog
Uskayaw
Xom
Zin
The Shining One

Annotations:
D:4 Crazy Yiuf


Innate Abilities, Weirdness & Mutations

You are immune to poison.
Your flesh is very heat resistant. (rF++)
You are vulnerable to cold. (rC-)
You float through the air rather than walking.
You learn spells naturally, not from books.
Your magical power is your life essence.
You have superior vitality. (+4 HP)


Message History

You see here a +0 mace.
You see here a +4 mace.
You see here a +2 vorpal mace.
Crazy Yiuf hits you with a +4 quarterstaff of chaos.
You see here a +0 mace.
You see here a +0 mace.
Casting: Foxfire (safe; 3% risk of failure)
Confirm with . or Enter, or press ? or * to list all spells.
You conjure some foxfire!
Crazy Yiuf hits you but does no damage.
You suddenly lose the ability to move!
The foxfire hits Crazy Yiuf.
Crazy Yiuf is lightly wounded.
The foxfire hits Crazy Yiuf.
Crazy Yiuf is heavily wounded.
Crazy Yiuf hits you but does no damage.
Crazy Yiuf hits you with a +4 quarterstaff of chaos!
You feel very mighty all of a sudden.
Crazy Yiuf hits you with a +4 quarterstaff of chaos!
* * * LOW HITPOINT WARNING * * *
You can move again.
Casting: Foxfire (safe; 3% risk of failure)
Confirm with . or Enter, or press ? or * to list all spells.
You conjure some foxfire!
* * * LOW HITPOINT WARNING * * *
Crazy Yiuf hits you with a +4 quarterstaff of chaos!
* * * LOW HITPOINT WARNING * * *
Crazy Yiuf burns you.
* * * LOW HITPOINT WARNING * * *
The foxfire hits Crazy Yiuf.
Crazy Yiuf is heavily wounded.
The foxfire hits Crazy Yiuf.
Crazy Yiuf is almost dead.
Crazy Yiuf twirls on the spot.
You see here a +0 mace.
Casting: Foxfire (safe; 3% risk of failure)
Confirm with . or Enter, or press ? or * to list all spells.
You conjure some foxfire!
* * * LOW HITPOINT WARNING * * *
Crazy Yiuf hits you with a +4 quarterstaff of chaos.
You die...

#####
#####...##
#.....).)#
#.###)v))#
#.# #)@))#
#.# ♣vg))♣
##########.#
♣)))♣♣
#..........#
♣♣)♣♣ #####
#.......####
♣)♣♣ #....
#.......#
♣♣)♣ #.##.
#.......#
♣)♣♣ #.#..
#.......#
♣♣)♣ #....
#.......#
#'#
#######.#..


You could see Crazy Yiuf (ally target).

Vanquished Creatures
  Pikel (D:4)
  Eustachio (D:4)
  A black bear (D:4)
  3 lemures (D:4)
  A scorpion (D:4)
  A hound (D:4)
  A centaur skeleton (D:4)
  Ijyb (D:3)
  Robin (D:3)
  4 gnolls (D:4)
  5 adders
  An ufetubus (D:4)
  An adder skeleton (D:4)
  5 worms
  2 dart slugs (D:2)
  4 orcs (D:4)
  5 bats
  8 endoplasms
  3 giant cockroaches
  11 goblins
  13 hobgoblins
  4 quokkas
  5 ball pythons
  2 frilled lizards (D:2)
  A jackal skeleton (D:4)
  11 kobolds
  2 rats (D:2)
98 creatures vanquished.

Vanquished Creatures (others)
  342 foxfires
  2 plants (D:4)
344 creatures vanquished.

Grand Total: 442 creatures vanquished

Notes
Turn   | Place    | Note
-------+----------+-------------------------------------------
     0 | D:1      | funkygono the Djinni Fire Elementalist began the quest for
                  | the Orb.
     0 | D:1      | Reached XP level 1. HP: 15/15 MP: 0/0
   210 | D:1      | Reached skill level 3 in Spellcasting
   435 | D:1      | Reached XP level 2. HP: 19/21 MP: 0/0
   508 | D:1      | You are sucked into a shaft and drop 1 floor!
   771 | D:2      | Reached XP level 3. HP: 22/25 MP: 0/0
   771 | D:2      | Learned a level 1 spell: Corona
  1043 | D:2      | Reached skill level 4 in Spellcasting
  1043 | D:2      | Reached XP level 4. HP: 28/31 MP: 0/0
  2244 | D:3      | Noticed Ijyb
  2254 | D:3      | Killed Ijyb
  2255 | D:3      | Reached XP level 5. HP: 24/35 MP: 0/0
  2255 | D:3      | Learned a level 2 spell: Passwall
  2375 | D:3      | Found a glowing golden altar of the Shining One.
  2930 | D:3      | Noticed Robin
  2940 | D:3      | Killed Robin
  3323 | D:4      | Reached skill level 5 in Spellcasting
  3332 | D:4      | Reached XP level 6. HP: 14/40 MP: 0/0
  3542 | D:4      | Noticed a black bear
  3557 | D:4      | Killed a black bear
  3674 | D:4      | Noticed Eustachio
  3689 | D:4      | Killed Eustachio
  3690 | D:4      | Reached skill level 6 in Spellcasting
  3690 | D:4      | Reached XP level 7. HP: 5/45 MP: 0/0
  3690 | D:4      | Learned a level 3 spell: Frozen Ramparts
  4595 | D:4      | Noticed Pikel
  4611 | D:4      | Killed Pikel
  4612 | D:4      | Reached skill level 7 in Spellcasting
  4612 | D:4      | Reached XP level 8. HP: 35/51 MP: 0/0
  4730 | D:4      | Found a staircase to the Ecumenical Temple.
  4759 | Temple   | Entered the Ecumenical Temple
  4848 | Temple   | Became a worshipper of Cheibriados the Contemplative
  5229 | D:4      | Found a runed translucent door.
  5230 | D:4      | Noticed Crazy Yiuf
  5240 | D:4      | Paralysed by Crazy Yiuf for 4 turns
  5246 | D:4      | Slain by Crazy Yiuf

Illustrated notes

Levels and vault maps discovered:
D:1:      mrwooster_arrival_statue_2, layout_basic
D:2:      layout_loops_cross
D:3:      layout_basic, general_overflow_altar, uniq_robin, uniq_ijyb
D:4:      layout_rooms, kennysheep_mini_moat, minmay_temple_entry_large_hall,
          serial_bayou_pond_b, uniq_eustachio, uniq_crazy_yiuf_cottage,
          uniq_pikel
Temple:   jpeg_temple_alley_garden

Skill      XL: |  1  2  3  4  5  6  7 |
---------------+----------------------+-----
Spellcasting   | 3 4 5 6 7 |  7.9
Dodging        | 3 |  3.4
Fighting       | |  0.7
Armour         | |  0.6
Stealth        | |  1.5

Action                   |  1- 3 |  4- 6 |  7- 9 || total
-------------------------+-------+-------+-------++-------
 Cast: Foxfire           |    37 |   103 |    64 ||   204
       Corona            |       |     1 |       ||     1
  Use: Scroll            |       |     5 |       ||     5
Armor: Robe              |     1 |    11 |     4 ||    16
       Scale mail        |       |       |    11 ||    11
       Skin              |       |       |     1 ||     1
Dodge: Dodged            |     2 |    35 |    13 ||    50

Table legend: (Time is in decaauts)
 A = Elapsed time spent in this place.
 B = Non-inter-level travel time spent in this place.
 C = Inter-level travel time spent in this place.
 D = Time resting spent in this place.
 E = Time spent auto-exploring this place.
 F = Levels seen in this place.
 G = Mean time per level.
                   A        B        C        D        E       F      G
               +--------+--------+--------+--------+--------+-----+--------+
         Total |   5347 |   5242 |    105 |    519 |   4074 |   5 | 1069.4 |
       Dungeon |   5098 |   5005 |     93 |    519 |   3853 |   4 | 1274.5 |
        Temple |    249 |    237 |     12 |      0 |    220 |   1 |  249.0 |
               +--------+--------+--------+--------+--------+-----+--------+

Top non-repeatable levels by time:
     D:3: 1811 daAuts
     D:4: 1524 daAuts
     D:2: 1254 daAuts
     D:1: 507 daAuts
  Temple: 249 daAuts
